 Dungeon Crawl Stone Soup version 0.31-a0-1589-g8f5e8aebd6 (webtiles) character file.

Game seed: 10353931861857724890

537 Tux the Trooper (level 7, -1/38 HPs)
             Began as a Vine Stalker Fighter on Jan 5, 2024.
             Was an Initiate of Makhleb.
             Slain by a white imp (2 damage)
             ... on level 4 of the Dungeon.
             The game lasted 00:06:48 (3092 turns).

Tux the Trooper (Vine Stalker Fighter)              Turns: 3092, Time: 00:06:49

Health: -1/38      AC:  6    Str: 21    XL:     7   Next: 25%
Magic:  0/14       EV: 11    Int:  8    God:    Makhleb [......]
Gold:   67         SH:  0    Dex: 13    Spells: 14/14 levels left

rFire   . .          .
                       - Unarmed
rCold   . . .        (no shield)
rNeg    . . .        m - +2 leather armour {rPois}
rPois   +            (no helmet)
rElec   .            o - +0 cloak
rCorr   .            (no gloves)
SInv    .            (no boots)
Will    .....        (no amulet)
Stlth   +            (no ring)
HPRegen 1.06/turn    (no ring)
MPRegen 0.14/turn

%: guardian spirit
@: no status effects
A: fangs 2, regeneration 1, magic shield, antimagic bite, no potion heal 2
a: Renounce Religion


You were on level 4 of the Dungeon.
You worshipped Makhleb.
Makhleb was noncommittal.
You visited 2 branches of the dungeon, and saw 6 of its levels.

You collected 137 gold pieces.
You spent 70 gold pieces at shops.

Inventory:

Hand Weapons
 r - the +5 Force Lance {heavy, knockback}
   (You found it on level 3 of the Dungeon)
 w - the +6 short sword of Hiebaduu {drain, +Blink rC++ rCorr Str-3}
   (You found it on level 4 of the Dungeon)

   Str-3:     It affects your strength (-3).
   rC++:      It greatly protects you from cold.
   +Blink:    It lets you blink.
   rCorr:     It protects you from acid and corrosion.
Missiles
 p - a throwing net
Armour
 a - a +0 scale mail
 b - a +0 buckler
 m - a +2 leather armour of poison resistance (worn)
 o - a +0 cloak (worn)
 s - a +0 kite shield of protection
Wands
 x - a wand of charming (8)
Scrolls
 e - 2 scrolls of fog {unknown}
 f - a scroll of immolation {unknown}
 h - 2 scrolls of amnesia {unknown}
 i - 2 scrolls of blinking {unknown}
 j - 3 scrolls of enchant weapon {unknown}
 n - 3 scrolls of teleportation {unknown}
 q - 3 scrolls of identify {unknown}
 v - a scroll of fear {unknown}
 y - a scroll of silence {unknown}
 A - a scroll of acquirement {unknown}
 B - a scroll of poison {unknown}
Potions
 c - a potion of might
 d - 2 potions of lignification
 g - 3 potions of attraction
 k - 2 potions of curing {unknown}
 l - a potion of ambrosia {unknown}
 t - a potion of berserk rage {unknown}
 u - a potion of heal wounds {unknown}
 z - a potion of magic {unknown}


   Skills:
 + Level 4.8 Fighting
 - Level 2.4 Armour
 - Level 2.6 Shields
 + Level 4.6 Unarmed Combat
 - Level 4.0 Spellcasting


You had 14 spell levels left.
You didn't know any spells.
Your spell library contained the following spells:

 Spells                   Type           Power      Damage    Failure   Level
 Freeze                   Ice            4%         1d3       32%         1
 Frozen Ramparts          Ice            2%         1d1       69%         3
 Hailstorm                Conj/Ice       1%         3d5       69%         3


Dungeon Overview and Level Annotations

Branches:
Dungeon (5/15)             Temple (1/1) D:4

Altars:
Ashenzari
Cheibriados
Dithmenos
Elyvilon
Gozag
Hepliaklqana
Kikubaaqudgha
Makhleb
Nemelex Xobeh
Okawaru
Qazlal
Ru
Sif Muna
Trog
Uskayaw
Wu Jian
Xom
Yredelemnul
Zin
The Shining One

Shops:
D:4 !

Annotations:
D:5 Grinder


Innate Abilities, Weirdness & Mutations

You have extremely sharp teeth.
Your natural rate of healing is unusually fast.
When hurt, damage is shared between your health and your magic reserves.
Your bite disrupts and absorbs the magic of your enemies.
Potions cannot restore your health.


Message History

Grinder blinks!!!
The bullfrog hits you but does no damage!
The scorpion barely misses you!
Grinder blinks!!!
An orc comes into view! It is wielding a +0 short sword!
The scorpion stings you! Grinder hits you!
You writhe in agony!
The orc shouts!!!
The bullfrog attacks as it pursues you!!!
The bullfrog hits you! x2; Grinder closely misses you!
The white imp gestures at you! The puff of frost hits you!!!
Grinder blinks!!!
The white imp barely misses you!
The orc priest hits you with a +0 trident!!! * * * don't die
* * *
There is a stone staircase leading up here!
Unknown command!
The bullfrog hits you! * * * don't die
* * * The bullfrog closely misses you!
The white imp hits you but does no damage!
The orc hits you but does no damage!
The orc priest casts a cantrip, but nothing happens!
You climb upwards!
There is a stone staircase leading down here!
You pummel the orc priest like a punching bag!
You bite the orc priest! You drain its power!
You feel invigorated!
The orc priest is severely wounded!
The bullfrog hits you! * * * don't die
* * * The white imp gestures at you!
The puff of frost hits you!!! * * * don't die
* * * The orc barely misses you!
The orc priest closely misses you!
Unknown command!
You closely miss the orc priest! Your punch misses the orc priest!
The orc priest is severely wounded!
The bullfrog hits you but does no damage! x2
The white imp hits you! * * * don't die
* * * The white imp freezes you! rip

...#.######........##.#
.........)..####.#.##.#
#.##.######## #......#
#.##.# ###.#### .....#
#######.#### #.####
#..........# #.#
########.###...##.# ..#
#.>......###F..##<# ..#
#........#.5@..##.# #.#
#..........oo.###.# #.#
#........#.#......# #.#
#.............#####
#.###.......####.##
..##........# #.#
(.##.######## #.#
####.### #.# #......#
#.# ########


You could see a bullfrog, an orc priest, a white imp and an orc.

Vanquished Creatures
  Sigmund (D:2)
  A bombardier beetle (D:4)
  A hound (D:4)
  2 orc priests
  An orc wizard (D:3)
  3 gnolls (D:4)
  6 adders
  A river rat (D:4)
  3 ribbon worms
  A dart slug (D:3)
  20 orcs
  12 ball pythons
  3 bats
  4 endoplasms
  14 giant cockroaches
  5 goblins
  8 hobgoblins
  7 jackals
  4 kobolds
  A quokka (D:1)
  16 frilled lizards
  4 rats
118 creatures vanquished.

Notes
Turn   | Place    | Note
-------+----------+-------------------------------------------
     0 | D:1      | Tux the Vine Stalker Fighter began the quest for the Orb.
     0 | D:1      | Reached XP level 1. HP: 11/11 MP: 2/2
    65 | D:1      | Reached XP level 2. HP: 9/16 MP: 1/3
   217 | D:1      | Reached skill level 1 in Spellcasting
   560 | D:2      | Reached XP level 3. HP: 20/20 MP: 5/5
   767 | D:2      | Found a faded altar of an unknown god.
   871 | D:2      | Reached XP level 4. HP: 24/24 MP: 7/7
   895 | D:2      | Noticed Sigmund
   921 | D:2      | Killed Sigmund
   922 | D:2      | Reached XP level 5. HP: 5/29 MP: 0/10
  1005 | D:3      | Reached XP level 6. HP: 33/33 MP: 9/11
  1077 | D:3      | Found the +5 Force Lance {heavy, knockback}
  1379 | D:3      | Found a shimmering altar of Xom.
  1393 | D:3      | Found a shimmering blue altar of Sif Muna.
  2131 | D:4      | Found Rejep's Distillery.
  2142 | D:4      | Bought a potion of degeneration for 10 gold pieces
  2143 | D:4      | Bought a potion of lignification for 30 gold pieces
  2143 | D:4      | Bought a potion of attraction for 30 gold pieces
  2178 | D:4      | Found a staircase to the Ecumenical Temple.
  2184 | D:4      | Found a hide-covered altar of Uskayaw.
  2190 | Temple   | Entered the Ecumenical Temple
  2260 | Temple   | Became a worshipper of Makhleb the Destroyer
  2377 | D:4      | Identified the +6 short sword of Hiebaduu {drain, +Blink
                  | rC++ rCorr Str-3}
  2492 | D:4      | Reached XP level 7. HP: 26/38 MP: 7/13
  2561 | D:4      | Found a sparkling altar of Nemelex Xobeh.
  3019 | D:5      | Entered Level 5 of the Dungeon
  3081 | D:5      | Noticed Grinder
  3091 | D:4      | HP: 1/38 [white imp/puff of frost (5)]
  3092 | D:4      | Slain by a white imp

Illustrated notes

Levels and vault maps discovered:
D:1:      kennysheep_arrival_seaside, layout_rooms
D:2:      layout_rooms, ebering_ecumenical_altar_rust, minmay_lizard_king,
          uniq_sigmund
D:3:      minmay_roachtagon, layout_basic, jmf_multi_god_temple2,
          serial_bayou_pond_d, minmay_unequal
D:4:      layout_loops_cross, overflow_temple_1_default,
          mainiacjoe_overflow_24_doors, minmay_temple_entry_trees, serial_shops,
          nicolae_shop_window_shopping,
          mainiacjoe_sewer_entry_somewhere_in_here_2, nicolae_letterblocks
          [nicolae_letter_subblock, nicolae_letter_subblock,
          nicolae_letter_subblock, nicolae_letter_subblock,
          nicolae_letter_subblock, nicolae_letter_subblock,
          nicolae_letter_subblock, nicolae_letter_subblock,
          nicolae_letter_subblock, nicolae_letter_subblock,
          nicolae_letter_subblock, nicolae_letter_subblock,
          nicolae_letter_subblock, nicolae_letter_subblock,
          nicolae_letter_subblock, nicolae_letter_subblock,
          nicolae_letter_subblock, nicolae_letter_subblock,
          nicolae_letter_subblock, nicolae_letter_subblock,
          nicolae_letter_subblock, nicolae_letter_subblock,
          nicolae_letter_subblock, nicolae_letter_subblock,
          nicolae_letter_subblock]
D:5:      layout_rooms, fedhas_altar_fruit_tree, uniq_edmund, uniq_eustachio,
          uniq_grinder
Temple:   minmay_temple_bridge_d

Skill      XL: |  1  2  3  4  5  6  7 |
---------------+----------------------+-----
Fighting       | 3 4 |  4.8
Spellcasting   | 1 2 3 4 |  4.0
Unarmed Combat | 3 4 |  4.6
Armour         | |  2.4
Shields        | |  2.6

Action                     |  1- 3 |  4- 6 |  7- 9 || total
---------------------------+-------+-------+-------++-------
  Melee: Unarmed           |   105 |   236 |    42 ||   383
         Bite              |    19 |    59 |    14 ||    92
         Punch             |     2 |     5 |     2 ||     9
         Lance             |       |     4 |       ||     4
   Stab: Sleeping          |       |     1 |       ||     1
 Armour: Scale mail        |    22 |       |       ||    22
         Leather armour    |    31 |   182 |    64 ||   277
  Dodge: Dodged            |    91 |   200 |    42 ||   333
  Block: Buckler           |     2 |       |       ||     2

Table legend: (Time is in decaauts)
 A = Elapsed time spent in this place.
 B = Non-inter-level travel time spent in this place.
 C = Inter-level travel time spent in this place.
 D = Time resting spent in this place.
 E = Time spent auto-exploring this place.
 F = Levels seen in this place.
 G = Mean time per level.
                   A        B        C        D        E       F      G
               +--------+--------+--------+--------+--------+-----+--------+
         Total |   3087 |   2831 |    256 |      0 |   1864 |   6 |  514.5 |
       Dungeon |   2946 |   2830 |    116 |      0 |   1864 |   5 |  589.2 |
        Temple |    140 |      1 |    139 |      0 |      0 |   1 |  140.0 |
               +--------+--------+--------+--------+--------+-----+--------+

Top non-repeatable levels by time:
     D:3: 989 daAuts
     D:4: 898 daAuts
     D:1: 531 daAuts
     D:2: 457 daAuts
  Temple: 140 daAuts
     D:5: 69 daAuts
